TOP OF THE 1ST |
---|
Spokane Trappers batting - Pitching for Albuquerque Isotopes : RHP Mario López | Pitching: RHP Mario López | | Batting: RHB Enrique Mendoza | 0-0: Ball 1-0: Bunt for hit - play at first, batter OUT! 1-3 | Batting: LHB Stanley Mullins | 0-0: Called Strike 0-1: Ball 1-1: Ball 2-1: Swinging Strike 2-2: Strikes out swinging | Batting: RHB José Herrera | 0-0: Ball 1-0: Ball 2-0: Ball 3-0: Base on Balls | Batting: LHB Willie Wallace | 0-0: Foul Ball, location: 2F 0-1: Foul Ball, location: 2F 0-2: Ball 1-2: Strikes out looking | Top of the 1st over - 0 runs, 0 hits, 0 errors, 1 left on base; Spokane 0 - Albuquerque 0 | BOTTOM OF THE 1ST |
---|
Albuquerque Isotopes batting - Pitching for Spokane Trappers : LHP Halewijn Tipping | Pitching: LHP Halewijn Tipping | | Batting: RHB Javier Peña | 0-0: Called Strike 0-1: Ball 1-1: Ground out 3-1 (Groundball, 34S) | Batting: RHB Tony Parker | 0-0: Swinging Strike 0-1: Ball 1-1: Foul Ball, location: 2F 1-2: Foul Ball, location: 2F 1-2: Ball 2-2: SOLO HOME RUN (Flyball, 7LD), Distance : 369 ft | Batting: LHB Edward Bennett | 0-0: Ball 1-0: Called Strike 1-1: Ground out 1-3 (Groundball, 15) | Batting: RHB Roberto Tobías | 0-0: Ball 1-0: Called Strike 1-1: Foul Ball, location: 2F 1-2: Ball 2-2: Ball 3-2: Strikes out swinging | Bottom of the 1st over - 1 run, 1 hit, 0 errors, 0 left on base; Spokane 0 - Albuquerque 1 | TOP OF THE 2ND |
---|
Spokane Trappers batting - Pitching for Albuquerque Isotopes : RHP Mario López | Batting: SHB Chris Bennis | 0-0: Ball 1-0: SOLO HOME RUN (Flyball, 9LD), Distance : 432 ft | Batting: RHB Gustavo Ortíz | 0-0: Ball 1-0: SOLO HOME RUN (Flyball, 7LD), Distance : 375 ft | Batting: LHB Tommy Evans | 0-0: Ball 1-0: Called Strike 1-1: Ball 2-1: Called Strike 2-2: Foul Ball, location: 2F 2-2: Strikes out looking | Batting: RHB Trent Rasmussen | 0-0: Fly out, F5 (Line Drive, 56) | Batting: RHB Alberto Velásquez | 0-0: Foul Ball, location: 2F 0-1: Ground out 6-3 (Groundball, 6) | Top of the 2nd over - 2 runs, 2 hits, 0 errors, 0 left on base; Spokane 2 - Albuquerque 1 | BOTTOM OF THE 2ND |
---|
Albuquerque Isotopes batting - Pitching for Spokane Trappers : LHP Halewijn Tipping | Batting: LHB Ken Nelson | 0-0: Ball 1-0: Ball 2-0: Ground out 6-3 (Groundball, 6) | Batting: RHB Jesse McKnight | 0-0: Ball 1-0: Ball 2-0: Ball 3-0: Called Strike 3-1: Called Strike 3-2: Foul Ball, location: 2F 3-2: Fly out, F8 (Flyball, 8RD) | Batting: SHB Thomas Simmons | 0-0: Foul Ball, location: 2F 0-1: Ball 1-1: Ball 2-1: Swinging Strike 2-2: Fly out, F9 (Flyball, 89S) | Bottom of the 2nd over - 0 runs, 0 hits, 0 errors, 0 left on base; Spokane 2 - Albuquerque 1 | TOP OF THE 3RD |
---|
Spokane Trappers batting - Pitching for Albuquerque Isotopes : RHP Mario López | Batting: RHB Enrique Mendoza | 0-0: Ball 1-0: Bunted foul 1-1: Ball 2-1: SINGLE (Flyball, 8RS) | Batting: LHB Stanley Mullins | 0-0: Ball 1-0: Ball 2-0: Ball 3-0: Base on Balls Enrique Mendoza to second | Batting: RHB José Herrera | 0-0: Foul Ball, location: 2F 0-1: Fly out, F4 (Popup, 23) | Batting: LHB Willie Wallace | 0-0: SINGLE (Groundball, 34D) Enrique Mendoza to third Stanley Mullins to second Runner from 3rd tries for Home, SAFE, no throw | Batting: SHB Chris Bennis | 0-0: Ball 1-0: Ball 2-0: Foul Ball, location: 2F 2-1: Swinging Strike 2-2: Fly out, F7 (Flyball, 7) | Batting: RHB Gustavo Ortíz | 0-0: Fly out, F8 (Flyball, 8RD) | Top of the 3rd over - 1 run, 2 hits, 0 errors, 2 left on base; Spokane 3 - Albuquerque 1 | BOTTOM OF THE 3RD |
---|
Albuquerque Isotopes batting - Pitching for Spokane Trappers : LHP Halewijn Tipping | Batting: RHB Kelly Graham | 0-0: Ball 1-0: Ball 2-0: Called Strike 2-1: Called Strike 2-2: SINGLE (Groundball, 56) (infield hit) | Batting: RHB Piotr Zahn | 0-0: Ball 1-0: DOUBLE (Flyball, 8LXD) Kelly Graham to third | Batting: RHB Javier Peña | 0-0: Foul Ball, location: 2F 0-1: Ball 1-1: Ground out 6-3 (Groundball, 6S) Kelly Graham scores Piotr Zahn to third | Batting: RHB Tony Parker | 0-0: Called Strike 0-1: Fly out, F7 (Flyball, 7) Runner from 3rd tags up, OUT at HOME | Bottom of the 3rd over - 1 run, 2 hits, 0 errors, 0 left on base; Spokane 3 - Albuquerque 2 | TOP OF THE 4TH |
---|
Spokane Trappers batting - Pitching for Albuquerque Isotopes : RHP Mario López | Batting: LHB Tommy Evans | 0-0: Called Strike 0-1: Foul Ball, location: 2F 0-2: Ball 1-2: Ball 2-2: Ball 3-2: Single, Error in OF, E9, batter to second base | Batting: RHB Trent Rasmussen | 0-0: Called Strike 0-1: Ball 1-1: Ball 2-1: Swinging Strike 2-2: Ball 3-2: Strikes out swinging | Batting: RHB Alberto Velásquez | 0-0: Hit by Pitch | Batting: RHB Enrique Mendoza | 0-0: Ball 1-0: Ball 2-0: Swinging Strike 2-1: Foul Ball, location: 2F 2-2: Strikes out swinging | Batting: LHB Stanley Mullins | 0-0: Foul Ball, location: 2F 0-1: Ball 1-1: SINGLE (Groundball, 6MD) Tommy Evans to third Alberto Velásquez to second Runner from 3rd tries for Home, throw and OUT! | Top of the 4th over - 0 runs, 2 hits, 1 error, 2 left on base; Spokane 3 - Albuquerque 2 | BOTTOM OF THE 4TH |
---|
Albuquerque Isotopes batting - Pitching for Spokane Trappers : LHP Halewijn Tipping | Batting: LHB Edward Bennett | 0-0: Fly out, F8 (Flyball, 8LXD) | Batting: RHB Roberto Tobías | 0-0: SINGLE (Line Drive, 9LS) | Batting: LHB Ken Nelson | 0-0: Called Strike 0-1: Called Strike 0-2: Ball 1-2: Grounds into double play, 6-4-3 (Groundball, 6M) | Bottom of the 4th over - 0 runs, 1 hit, 0 errors, 0 left on base; Spokane 3 - Albuquerque 2 | TOP OF THE 5TH |
---|
Spokane Trappers batting - Pitching for Albuquerque Isotopes : RHP Mario López | Batting: RHB José Herrera | 0-0: Ground out 4-3 (Groundball, 4) | Batting: LHB Willie Wallace | 0-0: SINGLE (Line Drive, 6MD) | Batting: SHB Chris Bennis | 0-0: Called Strike 0-1: Called Strike 0-2: Ball Passed Ball! Willie Wallace to second 1-2: Strikes out swinging | Batting: RHB Gustavo Ortíz | 0-0: Called Strike 0-1: Ball 1-1: Swinging Strike 1-2: Ball 2-2: Ball 3-2: Foul Ball, location: 2F 3-2: Fly out, F9 (Flyball, 9) | Top of the 5th over - 0 runs, 1 hit, 0 errors, 1 left on base; Spokane 3 - Albuquerque 2 | BOTTOM OF THE 5TH |
---|
Albuquerque Isotopes batting - Pitching for Spokane Trappers : LHP Halewijn Tipping | Batting: RHB Jesse McKnight | 0-0: Called Strike 0-1: Swinging Strike 0-2: Ball 1-2: Strikes out looking | Batting: SHB Thomas Simmons | 0-0: Ball 1-0: Called Strike 1-1: Ground out 6-3 (Groundball, 6) | Batting: RHB Kelly Graham | 0-0: Swinging Strike 0-1: Fly out, F9 (Flyball, 9LM) | Bottom of the 5th over - 0 runs, 0 hits, 0 errors, 0 left on base; Spokane 3 - Albuquerque 2 | TOP OF THE 6TH |
---|
Spokane Trappers batting - Pitching for Albuquerque Isotopes : RHP Mario López | Batting: LHB Tommy Evans | 0-0: Swinging Strike 0-1: Foul Ball, location: 2F 0-2: Foul Ball, location: 2F 0-2: Strikes out swinging | Batting: RHB Trent Rasmussen | 0-0: Ball 1-0: Foul Ball, location: 2F 1-1: Ball 2-1: Fly out, F3 (Popup, 3F) | Batting: RHB Alberto Velásquez | 0-0: Called Strike 0-1: Swinging Strike 0-2: Fly out, F4 (Flyball, 4MD) | Top of the 6th over - 0 runs, 0 hits, 0 errors, 0 left on base; Spokane 3 - Albuquerque 2 | BOTTOM OF THE 6TH |
---|
Albuquerque Isotopes batting - Pitching for Spokane Trappers : LHP Halewijn Tipping | Batting: RHB Piotr Zahn | 0-0: Ball 1-0: Foul Ball, location: 2F 1-1: SINGLE (Flyball, 89S) | Batting: RHB Javier Peña | 0-0: Ball 1-0: Foul Ball, location: 2F 1-1: SINGLE (Groundball, 6) (infield hit) Piotr Zahn to second | Batting: RHB Tony Parker | 0-0: Ball 1-0: Called Strike 1-1: Foul Ball, location: 2F 1-2: Ball 2-2: SINGLE (Groundball, 6MD) Piotr Zahn to third Javier Peña to second | Batting: LHB Edward Bennett | 0-0: Ball 1-0: Called Strike 1-1: Grounds into fielders choice 6-2 (Groundball, 56) Javier Peña to third Tony Parker to second | Batting: RHB Roberto Tobías | 0-0: Called Strike 0-1: Ball 1-1: Ball 2-1: Fly out, F7 (Flyball, 78S) Runner from 3rd tags up, SCORES, no throw | Batting: LHB Ken Nelson | 0-0: Ball 1-0: Foul Ball, location: 2F 1-1: Foul Ball, location: 2F 1-2: Fielders Choice at 2nd, 4-6 (Groundball, 4MD) | Bottom of the 6th over - 1 run, 3 hits, 0 errors, 2 left on base; Spokane 3 - Albuquerque 3 | TOP OF THE 7TH |
---|
Spokane Trappers batting - Pitching for Albuquerque Isotopes : RHP Mario López | Pitching: RHP Miguel Cardoza | | Batting: RHB Enrique Mendoza | 0-0: SINGLE (Groundball, 34D) | Batting: LHB Stanley Mullins | 0-0: Sac Bunt - play at first, batter OUT! 1-4 Enrique Mendoza to second | Batting: RHB José Herrera | 0-0: Ball 1-0: Foul Ball, location: 2F 1-1: Ball 2-1: SINGLE (Flyball, 7LS) Enrique Mendoza to third Runner from 3rd tries for Home, SAFE, no throw | Batting: LHB Willie Wallace | 0-0: Ball 1-0: Ball 2-0: Called Strike 2-1: Ball 3-1: DOUBLE (Groundball, 5L) José Herrera to third Runner from 3rd tries for Home, SAFE, no throw | Batting: SHB Chris Bennis | 0-0: Intentional Walk | Pinch Hitting: SHB Mark Wells | 0-0: Called Strike 0-1: Foul Ball, location: 2F 0-2: Ball 1-2: Fly out, F7 (Flyball, 7D) | Pinch Hitting: LHB Lorenzo Flores | 0-0: Ball 1-0: Fly out, F9 (Flyball, 9LD) | Top of the 7th over - 2 runs, 3 hits, 0 errors, 2 left on base; Spokane 5 - Albuquerque 3 | BOTTOM OF THE 7TH |
---|
Albuquerque Isotopes batting - Pitching for Spokane Trappers : LHP Halewijn Tipping | Now at 3B: Enrico Rodríguez | | Now at SS: Dave Mullen | | Batting: RHB Jesse McKnight | 0-0: Foul Ball, location: 2F 0-1: Called Strike 0-2: Foul Ball, location: 2F 0-2: Strikes out looking | Batting: SHB Thomas Simmons | 0-0: Fly out, F8 (Flyball, 89M) | Batting: RHB Kelly Graham | 0-0: SINGLE (Groundball, 34D) | Batting: RHB Piotr Zahn | 0-0: Ball 1-0: Ball 2-0: Called Strike Kelly Graham steals 2nd base 2-1: Ground out 6-3 (Groundball, 6) | Bottom of the 7th over - 0 runs, 1 hit, 0 errors, 1 left on base; Spokane 5 - Albuquerque 3 | TOP OF THE 8TH |
---|
Spokane Trappers batting - Pitching for Albuquerque Isotopes : RHP Miguel Cardoza | Pitching: RHP Germán Hernández | | Batting: RHB Trent Rasmussen | 0-0: Ball 1-0: SINGLE (Groundball, 34D) | Batting: RHB Alberto Velásquez | 0-0: Ball 1-0: Bunted foul 1-1: Sac Bunt - play at second, runner OUT! 1-6 | Batting: RHB Enrique Mendoza | 0-0: Ball 1-0: Called Strike 1-1: Swinging Strike Passed Ball! Alberto Velásquez to second 1-2: Foul Ball, location: 2F 1-2: Ball 2-2: Ball 3-2: Base on Balls | Batting: LHB Stanley Mullins | 0-0: Called Strike 0-1: Ball 1-1: Ball 2-1: Foul Ball, location: 2F 2-2: Fly out, F4 (Popup, 4D) | Batting: RHB José Herrera | 0-0: Foul Ball, location: 2F 0-1: Ball 1-1: Foul Ball, location: 2F 1-2: Strikes out looking | Top of the 8th over - 0 runs, 1 hit, 0 errors, 2 left on base; Spokane 5 - Albuquerque 3 | BOTTOM OF THE 8TH |
---|
Albuquerque Isotopes batting - Pitching for Spokane Trappers : LHP Halewijn Tipping | Pitching: RHP Alejandro Méndez | | Batting: RHB Javier Peña | 0-0: Ball 1-0: Foul Ball, location: 2F 1-1: Ball 2-1: Foul Ball, location: 2F 2-2: Ground out 4-3 (Groundball, 4) | Batting: RHB Tony Parker | 0-0: Foul Ball, location: 2F 0-1: Foul Ball, location: 2F 0-2: Strikes out swinging | Batting: LHB Edward Bennett | 0-0: Ball 1-0: Foul Ball, location: 2F 1-1: Ball 2-1: Ball 3-1: Called Strike 3-2: Base on Balls | Batting: RHB Roberto Tobías | 0-0: Ball 1-0: Ball 2-0: Fielders Choice at 2nd, 6-4 (Groundball, 6) | Bottom of the 8th over - 0 runs, 0 hits, 0 errors, 1 left on base; Spokane 5 - Albuquerque 3 | TOP OF THE 9TH |
---|
Spokane Trappers batting - Pitching for Albuquerque Isotopes : RHP Germán Hernández | Batting: LHB Willie Wallace | 0-0: Called Strike 0-1: Ball 1-1: Ball 2-1: Foul Ball, location: 2F 2-2: Foul Ball, location: 2F 2-2: Ground out 4-3 (Groundball, 4) | Pitching: RHP Steve Snyder | | Batting: SHB Chris Bennis | 0-0: Ground out U3 (Groundball, 3) | Batting: RHB Enrico Rodríguez | 0-0: Swinging Strike 0-1: Ball 1-1: Ball 2-1: Ground out U3 (Groundball, 3S) | Top of the 9th over - 0 runs, 0 hits, 0 errors, 0 left on base; Spokane 5 - Albuquerque 3 | BOTTOM OF THE 9TH |
---|
Albuquerque Isotopes batting - Pitching for Spokane Trappers : RHP Alejandro Méndez | Pitching: RHP José Ruíz | | Batting: LHB Ken Nelson | 0-0: Called Strike 0-1: Swinging Strike 0-2: Foul Ball, location: 2F 0-2: Foul Ball, location: 2F 0-2: Hit by Pitch | Pinch Hitting: LHB Fernando Ortíz | 0-0: Fly out, F7 (Line Drive, 7) | Batting: SHB Thomas Simmons | 0-0: Swinging Strike 0-1: Ball 1-1: Foul Ball, location: 2F 1-2: Ball 2-2: Ball 3-2: SINGLE (Flyball, 78S) Ken Nelson to second Ken Nelson to third | Batting: RHB Kelly Graham | 0-0: Foul Ball, location: 2F 0-1: Swinging Strike 0-2: Ball 1-2: Fly out, F7 (Flyball, 7) Runner from 3rd tags up, SCORES, no throw | Pinch Hitting: SHB Manuel Hegnauer | 0-0: Foul Ball, location: 2F 0-1: Foul Ball, location: 2F 0-2: Strikes out swinging | Bottom of the 9th over - 1 run, 1 hit, 0 errors, 1 left on base; Spokane 5 - Albuquerque 4 | |